 Dungeon Crawl Stone Soup version 0.31-a0-1154-gadca813884 (webtiles) character file.

Game seed: 8562974282904005694

10609 Flugkiller the Nimble (level 11, -3/77 HPs)
             Began as an Octopode Shapeshifter on Dec 7, 2023.
             Was an Elder of Trog.
             Slain by a cyclops (32 damage)
             ... on level 11 of the Dungeon.
             The game lasted 00:16:17 (11396 turns).

Flugkiller the Nimble (Octopode Shapeshifter)      Turns: 11396, Time: 00:16:18

Health: -3/77      AC:  1    Str: 19    XL:     11   Next: 64%
Magic:  11/11      EV: 27    Int: 14    God:    Trog [****..]
Gold:   432        SH:  0    Dex: 15    Spells: 10/10 levels left

rFire   . .          .
                       - Unarmed
rCold   . . .        (shield currently unavailable)
rNeg    + . .        (helmet restricted)
rPois   .            (no amulet)
rElec   +            k - ring of positive energy
rCorr   .            v - +5 ring of evasion
SInv    .            I - +6 ring of strength
Will    .....        G - ring "Ikilia" {Wiz rElec}
Stlth   +            (no ring)
HPRegen 0.32/turn    (no ring)
MPRegen 0.12/turn    (no ring)
                     (no ring)

%: wizardry (x1)
@: flux-form, on berserk cooldown, slowed, glowing, very slow
A: glow, contaminating, almost no armour, amphibious, 8 rings, camouflage 1,
gelatinous body 1, (nimble swimmer 1), tentacles
a: Begin Untransformation, Renounce Religion, Berserk, Trog's Hand, Brothers in
Arms


You were on level 11 of the Dungeon.
You worshipped Trog.
Trog was greatly pleased with you.
You were something dangerously unstable.
You visited 1 branch of the dungeon, and saw 11 of its levels.

You collected 648 gold pieces.
You spent 216 gold pieces at shops.

Inventory:

Missiles
 A - a throwing net
Jewellery
 k - a ring of positive energy (left tentacle)
   (You found it on level 1 of the Dungeon)
 v - a +5 ring of evasion (right tentacle)
   (You found it on level 3 of the Dungeon)
 G - the ring "Ikilia" (on tentacle) {Wiz rElec}
   (You found it on level 10 of the Dungeon)

   [ring of wizardry]

   Wiz:       It improves your spell success rate.
   rElec:     It insulates you from electricity.
 I - a +6 ring of strength (on tentacle)
   (You found it on level 10 of the Dungeon)
Talismans
 b - a beast talisman
 c - a flux talisman (active)
Wands
 x - a wand of flame (34)
   (You found it on level 7 of the Dungeon)
 D - a wand of digging (3)
   (You found it on level 9 of the Dungeon)
Scrolls
 e - 3 scrolls of silence
 g - 2 scrolls of poison
 h - a scroll of butterflies
 m - a scroll of torment
 o - a scroll of enchant armour
 p - 3 scrolls of vulnerability
 t - 3 scrolls of teleportation
 u - a scroll of brand weapon {unknown}
 z - a scroll of blinking
 C - 2 scrolls of revelation
 E - 2 scrolls of fear
 F - a scroll of enchant weapon {unknown}
 H - 2 scrolls of immolation
 J - 2 scrolls of fog
Potions
 a - 2 potions of mutation
 d - 2 potions of might
 f - a potion of berserk rage
 i - a potion of cancellation {unknown}
 j - a potion of attraction {unknown}
 n - 3 potions of resistance
 q - 4 potions of curing
 s - a potion of enlightenment {unknown}
 w - 4 potions of heal wounds
 y - a potion of brilliance {unknown}
 B - 2 potions of lignification


   Skills:
 - Level 8.0 Fighting
 + Level 10.9 Dodging
 - Level 1.0 Stealth
 + Level 7.5 Unarmed Combat
 - Level 10.0 Shapeshifting


You had 10 spell levels left.
You didn't know any spells.
Your spell library contained the following spells:

 Spells                   Type           Power      Damage    Failure   Level
 Apportation              Tloc           0%         N/A       12%         1
 Necrotise                Necr           0%         1d4       12%         1
 Summon Small Mammal      Summ           0%         N/A       12%         1
 Inner Flame              Hex/Fire       0%         N/A       32%         3
 Summon Guardian Golem    Hex/Summ       0%         N/A       32%         3
 Silence                  Hex/Air        0%         N/A       95%         5


Dungeon Overview and Level Annotations

Branches:
Dungeon (11/15) Zot: 25419  Temple (0/1) D:4            Lair (0/5) D:11
    Orc (0/2) D:10

Altars:
Ashenzari
Makhleb
Nemelex Xobeh
Qazlal
Sif Muna
Trog
Vehumet
The Shining One

Shops:
D:7 (   D:10 (   D:11 ?

Annotations:
D:4 1 runed translucent door, Grinder; inmateoo's ghost, amateur GnBe
D:7 2 transporters, t4s4d4r's ghost, novice DgSu
D:10 2 runed translucent doors, exclusion: orange crystal statue


Innate Abilities, Weirdness & Mutations

You are something dangerously unstable.
You glow with magical radiation, making you easy to see and hit.
Foes you strike become dangerously contaminated with magical radiation.
You are incapable of wielding weapons or throwing items.
You cannot wear most types of armour.
You are amphibious.
You can wear up to eight rings at the same time.
Your skin changes colour to match your surroundings (Stealth+).
Your rubbery body absorbs attacks. (AC +1, EV +1)
((You are camouflaged when in or above water. (Stealth+)))
You have tentacles for arms and can constrict up to eight enemies at once.


Message History

The gnoll sergeant is wielding a +1 trident of venom.
The cyclops shouts!
The centaur shouts!
The gnoll sergeant shouts!
You hear a shout!
The centaur wields a +0 orcbow.
The centaur shoots an arrow.
The arrow hits you.
You hear a shout!
You hear a bellow!
Unknown command.
You hear a shout!
There is an open door, spattered with blood here.
Something misses you.
There is an open door here.
Something misses you.
Deactivating autopickup; reactivate with Ctrl-A.
You tentacle-slap something.
The unseen horror begins to glow.
Your grab misses the unseen horror. You squeeze the unseen horror.
The unseen horror is lightly wounded.
An unseen horror comes into view.
The unseen horror closely misses you.
The unseen horror moves out of view.
The unseen horror closely misses you. The unseen horror hits you!
Unknown command.
Unknown command.
The unseen horror hits you! The unseen horror barely misses you.
The vampire misses you. The vampire bites you.
The vampire draws strength from your injuries!
Unknown command.
You bludgeon the vampire!
The vampire begins to glow.
You grab the vampire. You squeeze the vampire.
The vampire is moderately damaged.
You constrict the vampire, but do no damage.
The vampire mumbles some strange words.
The vampire flickers and vanishes for a moment.
Unknown command.
You tentacle-slap the vampire.
The vampire glows dangerously bright.
You squeeze the vampire, but do no damage.
The vampire is moderately damaged.
You constrict the vampire. The unseen horror hits you! The vampire misses you.
The vampire bites you!
Unknown command.
You release your grip on the vampire.
The unseen horror misses you.
Unknown command.
The unseen horror completely misses you.
A red film seems to cover your vision as you go berserk!
You feel yourself moving faster!
You feel mighty!
You tentacle-slap the unseen horror.
The unseen horror glows dangerously bright.
You grab the unseen horror. You squeeze the unseen horror.
The unseen horror is moderately wounded.
You constrict the unseen horror. The unseen horror hits you!
The vampire misses you. The vampire closely misses you.
You bludgeon the unseen horror!
The unseen horror shudders as magic cascades through it!!
You kill the unseen horror!
Trog accepts your kill.
Reactivating autopickup.
The vampire completely misses you. The vampire barely misses you.
You bludgeon the vampire!
The vampire glows dangerously bright.
You grab the vampire. You squeeze the vampire!
The vampire is almost destroyed.
You constrict the vampire.
You destroy the vampire!
Trog accepts your kill.
Trog appreciates your killing of a magic user.
You bludgeon the centaur!
The centaur begins to glow.
The centaur is heavily wounded.
You bludgeon the centaur!
The centaur glows dangerously bright.
The centaur is almost dead.
The centaur unwields a +0 orcbow.
The centaur misses you. The centaur completely misses you.
You bludgeon the centaur!
You kill the centaur!
Trog accepts your kill.
You tentacle-slap the vampire.
The vampire begins to glow.
Your grab misses the vampire.
The vampire is lightly damaged.
The vampire barely misses you. The vampire completely misses you.
You bludgeon the vampire!
The vampire glows dangerously bright.
You grab the vampire.
The vampire is heavily damaged.
You constrict the vampire. You tentacle-slap the vampire.
The vampire shudders as magic cascades through it!!
You destroy the vampire!
Trog accepts your kill.
Trog appreciates your killing of a magic user.
You tentacle-slap the gnoll sergeant but do no damage.
The gnoll sergeant begins to glow.
You grab the gnoll sergeant.
You constrict the gnoll sergeant, but do no damage.
You bludgeon the gnoll sergeant!
The gnoll sergeant glows dangerously bright.
The gnoll sergeant is heavily wounded.
You constrict the gnoll sergeant, but do no damage.
The gnoll sergeant closely misses you.
You tentacle-slap the gnoll sergeant.
The gnoll sergeant shudders as magic cascades through it!!
You kill the gnoll sergeant!
Trog accepts your kill.
You are no longer berserk.
You are exhausted.
You feel yourself slow down. The cyclops hits you!!
You die...

##. #..########............#.
#..#######..#.†.).#..............
#..#.....#V.#.###.#..............
'.#..V....#.'.#.#.#..........##.#
#.C#.....#..#.#.#.#.........#.#.#
#..#######..#...#.#.......(.#.#.#
##.. #..####'###..............
##.. ...###.#C#.##..#..........
#.....###.#.#p#.##............
#######.#.#.#.#.##...........
#.#.#.#.#.#.#..........#
##.#.#.#.#.##...#..#....
#.#.#.#.#.#.#...........
##.#.#.#.#.##...........
#.#.#.#.#.#.#..........#
##.#.#.#.#.##...........
##.#.#.#.##.......#>...


You could see a cyclops.

Vanquished Creatures
  2 boulder beetles (D:11)
  A two-headed ogre (D:11)
  2 ugly things (D:11)
  A manticore (D:11)
  A cyclops (D:9)
  2 unseen horrors
  2 shadows
  2 wraiths
  3 vampires (D:11)
  2 wyverns
  5 yaks
  4 vampire mosquitoes (D:11)
  A water moccasin (D:7)
  A sky beast (D:6)
  5 orc warriors
  An ogre (D:4)
  2 centaurs
  2 phantoms
  4 bullfrogs
  3 gnoll sergeants
  3 scorpions
  20 wights
  9 killer bees
  4 howler monkeys
  2 jellies
  3 gnoll boudas
  2 orc priests
  5 hounds
  2 iguanas
  5 orc wizards
  24 gnolls
  7 adders
  A shadow imp (D:6)
  7 ufetubi
  A worm (D:5)
  3 dart slugs
  40 orcs
  9 ball pythons
  16 endoplasms
  4 giant cockroaches
  6 goblins
  9 hobgoblins
  5 jackals
  4 quokkas
  4 bats
  4 frilled lizards
  4 kobolds
  9 rats
  A butterfly (D:4)
259 creatures vanquished.

Notes
Turn   | Place    | Note
-------+----------+-------------------------------------------
     0 | D:1      | Flugkiller the Octopode Shapeshifter began the quest for
                  | the Orb.
     0 | D:1      | Reached XP level 1. HP: 13/13 MP: 1/1
   233 | D:1      | Reached XP level 2. HP: 19/19 MP: 2/2
   286 | D:1      | Got the Guide on Blazing Hexes
   328 | D:1      | Reached skill level 1 in Stealth
   540 | D:1      | Reached XP level 3. HP: 24/24 MP: 3/3
   940 | D:2      | Found a faded altar of an unknown god.
  1285 | D:2      | Reached XP level 4. HP: 29/29 MP: 4/4
  2315 | D:3      | Found a burning altar of Makhleb.
  2315 | D:3      | Found a bloodstained altar of Trog.
  2323 | D:3      | Became a worshipper of Trog the Wrathful
  2971 | D:4      | Noticed an ogre
  3018 | D:4      | Noticed inmateoo's ghost (amateur GnBe)
  3040 | D:4      | Found a runed translucent door.
  3084 | D:4      | Noticed a scorpion
  3101 | D:4      | Killed a scorpion
  3102 | D:4      | Reached XP level 5. HP: 36/36 MP: 5/5
  3351 | D:4      | Reached XP level 6. HP: 14/42 MP: 6/6
  3483 | D:4      | Reached * piety under Trog
  3484 | D:4      | Reached skill level 5 in Shapeshifting
  3739 | D:4      | Noticed Grinder
  3798 | D:4      | Found a staircase to the Ecumenical Temple.
  3852 | D:4      | Reached XP level 7. HP: 35/46 MP: 7/7
  4191 | D:5      | Entered Level 5 of the Dungeon
  4532 | D:5      | Found a stormy altar of Qazlal.
  4816 | D:5      | Reached XP level 8. HP: 54/54 MP: 8/8
  4852 | D:5      | Reached ** piety under Trog
  5357 | D:5      | Found a radiant altar of Vehumet.
  5673 | D:6      | You fall into a shaft and drop 3 floors!
  5716 | D:8      | Noticed a yak
  5716 | D:8      | Noticed a yak
  5811 | D:7      | Reached skill level 5 in Dodging
  5964 | D:7      | Found a transporter.
  5965 | D:7      | Noticed t4s4d4r's ghost (novice DgSu)
  5966 | D:7      | Found a transporter.
  6026 | D:7      | Found a sparkling altar of Nemelex Xobeh.
  6604 | D:6      | Reached XP level 9. HP: 60/60 MP: 9/9
  6815 | D:7      | Reached skill level 5 in Fighting
  7200 | D:7      | Found a shimmering blue altar of Sif Muna.
  7242 | D:7      | Found Veryreor's Weapon Shop.
  7736 | D:8      | Reached skill level 5 in Unarmed Combat
  7854 | D:8      | Found a broken altar of Ashenzari.
  7961 | D:8      | Reached *** piety under Trog
  8355 | D:9      | Reached XP level 10. HP: 62/68 MP: 10/10
  8526 | D:9      | Noticed a red ugly thing
  8526 | D:9      | Noticed a tengu warrior
  8527 | D:9      | Noticed a cyclops
  8528 | D:9      | Noticed a boulder beetle
  8528 | D:9      | Noticed a fire crab
  8533 | D:9      | a fire crab changed into a queen bee
  8578 | D:9      | Noticed a harpy
  8643 | D:9      | Noticed a cyclops
  8677 | D:9      | Killed a cyclops
  8885 | D:9      | Noticed an unseen horror
  8890 | D:9      | Killed an unseen horror
  9020 | D:10     | Entered Level 10 of the Dungeon
  9111 | D:10     | Found a glowing golden altar of the Shining One.
  9141 | D:10     | Found a runed translucent door.
  9157 | D:10     | Found Xygoatask's Weapon Emporium.
  9165 | D:10     | Identified the ring "Ikilia" {Wiz rElec}
  9187 | D:10     | Found a runed translucent door.
  9188 | D:10     | Noticed an orange crystal statue
  9188 | D:10     | Found the +10 tower shield of Ignorance {rN+ Int-4}
  9346 | D:10     | Found a staircase to the Orcish Mines.
  9959 | D:11     | Found a staircase to the Lair.
 10040 | D:11     | Reached **** piety under Trog
 10102 | D:11     | Noticed a manticore
 10119 | D:11     | Killed a manticore
 10120 | D:11     | Reached skill level 10 in Shapeshifting
 10265 | D:11     | Noticed a green ugly thing
 10279 | D:11     | Killed a brown ugly thing
 10280 | D:11     | Reached XP level 11. HP: 46/77 MP: 11/11
 10632 | D:11     | Found Qiyxusk's Magic Scroll Shoppe.
 10638 | D:11     | Bought 3 scrolls of identify for 72 gold pieces
 10638 | D:11     | Bought a scroll of identify for 24 gold pieces
 10638 | D:11     | Bought a scroll of identify for 24 gold pieces
 10638 | D:11     | Bought a scroll of immolation for 48 gold pieces
 10638 | D:11     | Bought a scroll of fog for 48 gold pieces
 10668 | D:11     | Noticed a purple ugly thing
 10681 | D:11     | Killed a red ugly thing
 10753 | D:11     | Noticed a two-headed ogre
 10764 | D:11     | Killed a two-headed ogre
 10765 | D:11     | Reached skill level 10 in Dodging
 11149 | D:11     | Noticed a boulder beetle
 11157 | D:11     | Killed a boulder beetle
 11246 | D:11     | Noticed a boulder beetle
 11261 | D:11     | Killed a boulder beetle
 11358 | D:11     | Noticed a cyclops
 11396 | D:11     | Slain by a cyclops

Illustrated notes

Levels and vault maps discovered:
D:1:      psy_arrival_fountain, layout_basic
D:2:      layout_loops_ring, hellmonk_ecumenical_altar_pennies_from_heaven,
          nrook_loot_triangle, minmay_tall_x
D:3:      layout_basic, gammafunk_temple_overflow_pools
D:4:      layout_loops_ring, minmay_temple_entry_butterflies,
          hellmonk_ghost_happy_afterlife, minmay_increasing_density,
          uniq_grinder
D:5:      nicolae_BIG_FREAKIN_CUBE, layout_loops_cross, fiery_altar_vehumet,
          mainiacjoe_overflow_small_starburst
D:6:      layout_loops_corners, lightli_minifort
D:7:      layout_basic, mainiacjoe_overflow_catch_the_wave,
          gammafunk_ghost_arena, serial_shops, nicolae_shop_hallway_plus,
          minmay_quadrilaterals
D:8:      layout_rooms, nicolae_ashenzari_skybound
D:9:      layout_roguey, minivault_12
D:10:     layout_roguey, tso_oasis_becter, serial_shops, shop,
          chequers_guarded_unrand_ignorance
D:11:     minmay_the_grid_octo_tiled_squarecenter [minmay_the_grid_octo_chip,
          minmay_the_grid_octo_focus, minmay_the_grid_octo_toaster,
          minmay_the_grid_octo_checkered,
          minmay_the_grid_square_5x5_megaprize_crossed,
          minmay_the_grid_square_5x5_three_small,
          minmay_the_grid_square_5x5_dogpile, minmay_the_grid_square_5x5_spiral,
          minmay_the_grid_square_5x5_empty], layout_basic, serial_shops,
          nicolae_shop_trees

Skill      XL: |  1  2  3  4  5  6  7  8  9 10 11 |
---------------+----------------------------------+-----
Fighting       | 2 3 4 6 8 |  8.0
Stealth        | 1 |  1.0
Unarmed Combat | 4 6 7 |  7.5
Shapeshifting  | 4 6 7 8 10 | 10.0
Dodging        | 3 5 8 10 | 10.9

Action                     |  1- 3 |  4- 6 |  7- 9 | 10-12 || total
---------------------------+-------+-------+-------+-------++-------
  Melee: Unarmed           |    84 |    93 |   338 |   265 ||   780
         Tentacles         |    11 |    19 |    99 |    83 ||   212
         Constrict         |    12 |    18 |    85 |    59 ||   174
         Punch             |       |     4 |     1 |       ||     5
 Invoke: Berserk           |       |       |     5 |     7 ||    12
    Use: Scroll            |     2 |       |     7 |     9 ||    18
         Potion            |     1 |     2 |       |       ||     3
   Stab: Sleeping          |     7 |    10 |     7 |     1 ||    25
 Armour: Skin              |    48 |    25 |    81 |    70 ||   224
  Dodge: Dodged            |    32 |    38 |   255 |   240 ||   565
   Form: Flux              |       |       |     1 |       ||     1

Table legend: (Time is in decaauts)
 A = Elapsed time spent in this place.
 B = Non-inter-level travel time spent in this place.
 C = Inter-level travel time spent in this place.
 D = Time resting spent in this place.
 E = Time spent auto-exploring this place.
 F = Levels seen in this place.
 G = Mean time per level.
                   A        B        C        D        E       F      G
               +--------+--------+--------+--------+--------+-----+--------+
         Total |  11429 |  11068 |    361 |   2552 |   6089 |  11 | 1039.0 |
       Dungeon |  11429 |  11068 |    361 |   2552 |   6089 |  11 | 1039.0 |
               +--------+--------+--------+--------+--------+-----+--------+

Top non-repeatable levels by time:
    D:11: 1395 daAuts
     D:4: 1304 daAuts
     D:2: 1143 daAuts
     D:5: 1128 daAuts
    D:10: 1004 daAuts
     D:8: 998 daAuts
     D:7: 967 daAuts
     D:6: 945 daAuts
     D:1: 932 daAuts
     D:3: 909 daAuts
     D:9: 701 daAuts
